 Dungeon Crawl Stone Soup version 0.20.0-15-g7f486f2 (webtiles) character file.

25 Darkell the Ducker (level 2, -1/12 HPs)
             Began as a Felid Transmuter on June 29, 2017.
             Slain by a jackal (2 damage)
             ... on level 2 of the Dungeon.
             The game lasted 00:01:19 (1064 turns).

Darkell the Ducker (Felid Transmuter)               Turns: 1064, Time: 00:01:20

Health: -1/12      AC:  1    Str:  6    XL:     2   Next: 86%
Magic:  5/6        EV: 18    Int: 14    God:
Gold:   56         SH:  0    Dex: 16    Spells: 4/5 levels left
                                        Lives:  0   Deaths: 0

rFire    . . .     SeeInvis +     - Unarmed
rCold    . . .     Gourm    .   (shield unavailable)
rNeg     . . .     Faith    .   (armour unavailable)
rPois    .         Spirit   .   (helmet unavailable)
rElec    .         Reflect  .   (cloak unavailable)
rCorr    .         Harm     .   (gloves unavailable)
MR       .....                  (boots unavailable)
Stlth    ++........             (no amulet)
Regen    0.1/turn               (no ring)
MPRegen  0.1/turn               (no ring)

@: appendage, quick
A: no armour, no weapons or thrown items, stealth, claws 1, fangs 3, horns 2,
see invisible, carnivore 3, speed 1, shaggy fur 1, slow metabolism 1, sharp paws
a: End Transformation


You were on level 2 of the Dungeon.
You were very full.
You had grown temporary horns.
You visited 1 branch of the dungeon, and saw 2 of its levels.

You collected 56 gold pieces.

Inventory:

Missiles
 a - 35 arrows
Scrolls
 d - a scroll of amnesia {unknown}
 e - a scroll of teleportation {unknown}
 f - 2 scrolls of identify {unknown}
 i - a scroll of blinking {unknown}
 j - a scroll of noise {unknown}
Potions
 h - 2 potions of curing {unknown}
Books
 b - a book of Changes

   Spells                             Type                      Level
   a - Beastly Appendage              Transmutation                1
   b - Sticks to Snakes               Transmutation                2
   c - Spider Form                    Transmutation/Poison         3
   d - Ice Form                       Ice/Transmutation            4
   e - Blade Hands                    Transmutation                5
Comestibles
 c - 3 meat rations
 g - 2 royal jellies


   Skills:
 + Level 1.6 Fighting
 + Level 3.2 Dodging
 + Level 3.2 Unarmed Combat
 - Level 2.0 Spellcasting
 + Level 2.7 Transmutations


You had 4 spell levels left.
You knew the following spells:

 Your Spells              Type           Power        Failure   Level  Hunger
a - Beastly Appendage     Tmut           #.....       8%          1    ##.....


Dungeon Overview and Level Annotations

Branches:
Dungeon (2/15)

Altars:
Makhleb


Innate Abilities, Weirdness & Mutations

You cannot wear armour.
You are incapable of wielding weapons or throwing items.
Your paws allow you to move quietly. (Stealth)
You have sharp claws.
You have razor-sharp teeth.
You have supernaturally acute eyesight. (SInv)
You are carnivorous and can eat meat at any time.
You cover ground quickly.
You are covered in fur. (AC +1)
You have a slow metabolism.
Your sharp claws are effective at attacking unaware monsters.
You have a pair of horns on your head.


Message History

Confirm with . or Enter, or press ? or * to list all spells.
You grow a pair of large bovine horns.
The jackal misses you.
Unknown command.
You scratch the jackal. Your headbutt misses the jackal.
Your bite misses the jackal.
The jackal is severely wounded.
The jackal bites you. x2
You scratch the jackal but do no damage.
You bite the jackal.
You kill the jackal!
You scratch the jackal.
The jackal is heavily wounded.
The jackal bites you.
* * * LOW HITPOINT WARNING * * *
The jackal bites you.
* * * LOW HITPOINT WARNING * * *
You scratch the jackal.
You kill the jackal!
The jackal bites you.
You die...

............######
#######...#.#....#
####<.#.##.#
#..#.##.#
#..#.##.#
#.....#.#
##.#..#.# #.#..#.#
#.#..#@# #.#..#h#
#.####.# #.# #.#
#. ... #.# #.# ..#


You could see a jackal.

Vanquished Creatures
  A dart slug (D:1)
  A leopard gecko (D:1)
  A ball python (D:1)
  6 bats (D:1)
  4 giant cockroaches (D:1)
  A goblin (D:1)
  2 jackals (D:2)
  A frilled lizard (D:1)
  4 rats (D:1)
21 creatures vanquished.

Notes
Turn   | Place    | Note
-------+----------+-------------------------------------------
     0 | D:1      | Darkell the Felid Transmuter began the quest for the Orb.
     0 | D:1      | Reached XP level 1. HP: 9/9 MP: 4/4
   230 | D:1      | Reached XP level 2. HP: 12/12 MP: 6/6
  1027 | D:2      | Found a burning altar of Makhleb.
  1064 | D:2      | Slain by a jackal

Skill      XL: |  1  2 |
---------------+-------+-----
Dodging        | 3 |  3.2
Fighting       | |  1.6
Unarmed Combat | |  3.2
Spellcasting   | |  2.0
Transmutations | |  2.7

Action                   || total
-------------------------++-------
Melee: Unarmed           ||    65
       Bite              ||     6
       Headbutt          ||     2
 Cast: Beastly Appendage ||     5
 Stab: Sleeping          ||     1
  Eat: Chunk             ||     7
Armor: Skin              ||    10
Dodge: Dodged            ||    58
